Map: 16 bits EC

Players

ostreech - Winner!

  • Race: Protoss Protoss
  • League: Platinum
  • Spawn Location: 1:00

HoldTheDoor

  • Race: Protoss Protoss
  • League: Diamond
  • Spawn Location: 7:00

VOD

Have the link to the VOD?

Description

Time

  • Played on: July 4, 2018, 10:13 a.m.
  • Length: 10:53
Show
View Real Time Build Order
Export as new Build Order

ostreech Protoss - Winner!

Build Orders: Oracle Opening 

Get SALT Encoding   

  12  0:01  Probe  
  13  0:13  Probe  
  14  0:18  Pylon  
  14  0:25  Probe  
  15  0:36  Probe  
  15  0:37  Gateway  
  16  0:44  Probe  
  17  0:50  Assimilator  
  17  0:54  Probe  
  18  1:06  Probe  
  19  1:18  Probe  
  20  1:26  Cybernetics Core  
  20  1:30  Probe  
  21  1:36  Warp Gate  
  21  1:42  Probe  
  21  1:44  Assimilator  
  22  1:48  Pylon  
  22  1:54  Probe  
  23  2:06  Stalker, Probe  
  26  2:17  Gateway  
  26  2:18  Probe  
  27  2:31  Probe  
  28  2:42  Stalker  
  28  2:43  Probe  
  30  2:55  Probe  
  30  2:56  Stargate  
  31  3:03  Pylon  
  31  3:13  Nexus  
  31  3:21  Probe  
  31  3:26  Pylon  
  32  3:33  Probe  
  33  3:37  Gateway  
  33  3:40  Oracle  
  36  3:45  Probe  
  37  3:57  Robotics Facility, Probe  
  38  4:09  Probe  
  39  4:11  Pylon  
  39  4:17  Phoenix  
  39  4:22  Probe, Zealot  
  39  4:23  Zealot  
  46  4:25  Probe  
  47  4:34  Probe  
  48  4:47  Probe  
  49  4:56  Probe  
  50  5:06  Probe  
  48  5:08  Assimilator  
  48  5:09  Warp Prism  
  48  5:11  Assimilator  
  48  5:12  Twilight Council  
  48  5:13  Phoenix  
  52  5:15  Stalker  
  52  5:16  Stalker  
  52  5:19  Probe  
  52  5:20  Probe  
  58  5:22  Pylon  
  58  5:33  Forge, Probe  
  59  5:40  Phoenix  
  61  5:46  Protoss Ground Weapons Level 1  
  61  5:52  Dark Shrine  
  61  5:54  Observer  
  62  5:57  Stalker  
  62  5:58  Stalker x2  
  62  6:03  Probe x2  
  70  6:07  Photon Cannon  
  70  6:13  Photon Cannon  
  70  6:36  Stalker x3  
  76  6:42  Gateway  
  76  6:44  Gateway  
  76  6:45  Probe x2  
  78  6:50  Pylon  
  78  7:12  Dark Templar x3  
  84  7:25  Probe x2  
  86  8:15  Pylon  
  86  8:17  Pylon  
  86  8:33  Void Ray, Probe x2  
  92  8:45  Probe x2  
  88  8:57  Probe x2  
  90  9:07  Stalker  
  90  9:08  Stalker x3  
  90  9:09  Stalker  
  100  9:15  Pylon  
  100  9:16  Phoenix  
  102  9:18  Pylon  
  96  9:32  Stalker x4  
  96  9:36  Probe x2  
  88  9:52  Stalker  
  76  9:55  Stalker x3  
  76  9:56  Stalker  
  74  10:08  Phoenix  
  66  10:18  Stalker  
  66  10:19  Stalker x4  
  72  10:32  Archon  
  68  10:42  Stalker x3  
  72  10:49  Pylon  
Show
View Real Time Build Order
Export as new Build Order

HoldTheDoor Protoss 

Build Orders:  

Get SALT Encoding   

  12  0:00  Probe  
  13  0:13  Probe  
  14  0:18  Pylon  
  14  0:25  Probe  
  15  0:37  Probe  
  15  0:40  Gateway  
  16  0:45  Probe  
  16  0:47  Assimilator  
  17  0:53  Probe  
  17  0:56  Assimilator  
  18  1:04  Probe  
  19  1:14  Pylon  
  19  1:16  Probe  
  20  1:28  Probe  
  20  1:31  Cybernetics Core  
  21  1:40  Pylon  
  21  1:43  Probe  
  22  1:55  Probe  
  23  2:01  Stalker, Protoss Air Weapons Level 1  
  25  2:39  Nexus  
  25  2:45  Stargate  
  25  2:48  Probe  
  26  2:55  Stalker  
  28  3:02  Probe  
  29  3:13  Pylon  
  29  3:14  Probe  
  29  3:18  Pylon  
  30  3:26  Stalker, Probe  
  33  3:38  Probe  
  34  3:43  Void Ray  
  38  3:50  Probe  
  38  3:51  Probe  
  40  3:56  Shield Battery  
  40  4:02  Probe  
  41  4:05  Probe  
  42  4:10  Assimilator  
  42  4:14  Probe  
  43  4:18  Assimilator  
  43  4:19  Stalker  
  43  4:22  Void Ray, Probe  
  46  4:32  Protoss Air Armor Level 1  
  50  4:40  Probe x2  
  52  4:55  Stalker  
  54  5:07  Void Ray  
  58  5:16  Probe x2  
  60  5:23  Pylon  
  60  5:28  Probe  
  60  5:29  Probe, Fleet Beacon  
  60  5:32  Pylon  
  60  5:35  Stalker  
  64  5:40  Probe  
  64  5:41  Probe  
  66  5:46  Stargate  
  66  5:53  Probe  
  67  5:58  Void Ray  
  67  6:00  Probe  
  72  6:05  Probe, Pylon  
  73  6:12  Probe  
  73  6:13  Graviton Catapult  
  73  6:17  Probe  
  75  6:24  Probe  
  76  6:34  Carrier  
  76  6:39  Pylon  
  82  6:42  Forge, Gateway  
  82  6:47  Carrier  
  82  6:48  Pylon  
  82  6:54  Gateway  
  88  7:14  Protoss Air Weapons Level 2  
  88  7:27  Cybernetics Core  
  88  7:31  Pylon  
  78  7:45  Photon Cannon  
  78  7:49  Photon Cannon  
  78  7:50  Photon Cannon  
  73  7:53  Pylon  
  73  7:54  Pylon x2  
  71  8:17  Photon Cannon x2  
  71  8:36  Photon Cannon  
  71  8:37  Photon Cannon  
  71  8:51  Photon Cannon  
  71  8:54  Photon Cannon  
  71  8:55  Pylon  
  71  9:02  Carrier  
  77  9:23  Photon Cannon  
  57  9:50  Stalker  
Tags
 
Add a new tag
Caveats
  • Supply blocks, unpowered buildings, or Contaminate may cause inaccurate times.
  • Supply counts are checked every 10 seconds.